 Dungeon Crawl Stone Soup version 0.28.0-53-g5a82cb258f (webtiles) character file.

Game seed: 12164595904589035647

656 DocClef the Firebug (level 7, -1/51 HPs)
             Began as a Gnoll Fire Elementalist on July 13, 2022.
             Succumbed to a scorpion's poison
             ... on level 4 of the Dungeon.
             The game lasted 00:04:41 (4222 turns).

DocClef the Firebug (Gnoll Fire Elementalist)       Turns: 4222, Time: 00:04:42

Health: -1/51      AC:  3    Str:  7    XL:     7   Next: 55%
Magic:  6/15       EV: 13    Int: 17    God:
Gold:   136        SH:  0    Dex: 12    Spells: 16/17 levels left

rFire   . . .      SeeInvis .   n - +1 trident (vamp)
rCold   . . .      Faith    .   (no shield)
rNeg    . . .      Spirit   .   a - +0 robe
rPois   .          Reflect  .   (no helmet)
rElec   .          Harm     .   (no cloak)
rCorr   .          Rampage  .   (no gloves)
Will    .....                   g - +0 pair of boots
Stlth   +++.......              (no amulet)
HPRegen 0.17/turn               (no ring)
MPRegen 0.14/turn               (no ring)

@: lethally poisoned (-1 -> -14), attractive
A: fangs 1, strong nose, distributed training
a: no special abilities


You were on level 4 of the Dungeon.
You visited 1 branch of the dungeon, and saw 4 of its levels.

You collected 136 gold pieces.

Inventory:

Hand Weapons
 n - a +1 vampiric trident (weapon)
Armour
 a - a +0 robe (worn)
 g - a +0 pair of boots (worn)
Wands
 l - a wand of flame (17)
Scrolls
 b - 5 scrolls of identify {unknown}
 c - a scroll of fear {unknown}
 d - a scroll of blinking {unknown}
 f - 2 scrolls of teleportation {unknown}
 i - 3 scrolls of holy word {unknown}
 o - a scroll of noise {unknown}
 p - a scroll of immolation {unknown}
Potions
 e - a potion of attraction
 h - a potion of magic {unknown}
 j - 3 potions of curing {unknown}
 k - 2 potions of flight {unknown}
 m - 2 potions of resistance {unknown}


   Skills:
 + Level 2.5 Fighting
 + Level 2.5 Short Blades
 + Level 2.5 Long Blades
 + Level 2.5 Axes
 + Level 2.5 Maces & Flails
 + Level 2.5 Polearms
 + Level 2.5 Staves
 + Level 2.5 Slings
 + Level 2.5 Bows
 + Level 2.5 Crossbows
 + Level 2.5 Throwing
 + Level 2.5 Armour
 + Level 5.3 Dodging
 + Level 4.9 Stealth
 + Level 2.5 Shields
 + Level 2.5 Unarmed Combat
 + Level 5.6 Spellcasting
 + Level 3.0 Conjurations
 + Level 2.1 Hexes
 + Level 2.1 Summonings
 + Level 2.1 Necromancy
 + Level 2.1 Translocations
 + Level 2.1 Transmutations
 + Level 5.8 Fire Magic
 + Level 2.1 Ice Magic
 + Level 2.1 Air Magic
 + Level 2.1 Earth Magic
 + Level 2.1 Poison Magic
 + Level 2.8 Invocations
 + Level 2.5 Evocations


You had 16 spell levels left.
You knew the following spells:

 Your Spells              Type           Power      Damage    Failure   Level
a - Foxfire               Conj/Fire      80%        2x1d8     2%          1

Your spell library contained the following spells:

 Spells                   Type           Power      Damage    Failure   Level
 Scorch                   Fire           48%        2d7       1%          2
 Conjure Flame            Conj/Fire      20%        6-21      6%          3
 Inner Flame              Hex/Fire       18%        N/A       8%          3
 Flame Wave               Conj/Fire      20%        2d7       22%         4
 Petrify                  Tmut/Erth      12%        N/A       50%         4
 Metabolic Englaciation   Hex/Ice        6%         N/A       83%         5
 Statue Form              Tmut/Erth      8%         N/A       100%        6


Dungeon Overview and Level Annotations

Branches:
Dungeon (4/15)
 Temple: D:4-7

Altars:


Innate Abilities, Weirdness & Mutations

You have very sharp teeth.
Your uncanny sense of smell can sniff out nearby items.
Your experience applies equally to all skills.


Message History

Casting: Foxfire (safe; 2% risk of failure)
Confirm with . or Enter, or press ? or * to list all spells.
You conjure some foxfire!
You feel sick. The scorpion stings you.
You are more poisoned.
The scorpion poisons you!
Your magical contamination has completely faded away.
You barely miss the scorpion.
The scorpion is almost dead.
You feel very sick.
The foxfire hits the scorpion but does no damage.
The scorpion is almost dead.
The foxfire hits the scorpion.
The scorpion is almost dead.
The scorpion closely misses you.
You closely miss the scorpion.
You bite the scorpion, but do no damage.
The scorpion is almost dead.
You feel very sick. The scorpion misses you.
The scorpion stings you but does no damage.
Unknown command.
Casting: Foxfire (safe; 2% risk of failure)
Confirm with . or Enter, or press ? or * to list all spells.
You conjure some foxfire!
You feel sick. The scorpion stings you.
* * * LOW HITPOINT WARNING * * *
You are lethally poisoned!
The scorpion poisons you!
Casting: Foxfire (safe; 2% risk of failure)
Confirm with . or Enter, or press ? or * to list all spells.
You don't know that spell.
You hit the scorpion but do no damage.
You punch the scorpion, but do no damage.
The scorpion is almost dead.
* * * LOW HITPOINT WARNING * * *
You feel very sick.
The foxfire hits the scorpion.
You kill the scorpion!
It was a potion of attraction.
You feel attractive to monsters.
You die...

∆.......#######.
...........# #.
∆...........# #. #######
...........# #. .......
###+#####.....###. .......
#.................
.......###§§...........###.
.......'.§§§v.....###### #.
.......###@§......# #.
....... #........# #.
....... ##..###### #.
....... ##.####### #.
###..s. #.......# #. #....
#.).....#### #. #....
##.........## #.
##....#.#..###.
#...##.##.....


There were no monsters in sight!

Vanquished Creatures
  A black bear (D:4)
  2 ogres
  A scorpion (D:4)
  A howler monkey (D:4)
  3 hounds
  2 iguanas (D:4)
  Ijyb (D:3)
  3 gnolls (D:4)
  4 adders
  2 worms
  2 dart slugs
  An orc (D:4)
  5 bats
  7 endoplasms
  3 giant cockroaches
  5 goblins
  4 hobgoblins
  3 quokkas
  3 ball pythons
  A frilled lizard (D:1)
  7 kobolds
  3 rats
64 creatures vanquished.

Vanquished Creatures (others)
  354 foxfires
354 creatures vanquished.

Grand Total: 418 creatures vanquished

Notes
Turn   | Place    | Note
-------+----------+-------------------------------------------
     0 | D:1      | DocClef the Gnoll Fire Elementalist began the quest for the
                  | Orb.
     0 | D:1      | Reached XP level 1. HP: 13/13 MP: 6/6
   275 | D:1      | Reached XP level 2. HP: 19/19 MP: 0/7
   385 | D:1      | Found a faded altar of an unknown god.
  1015 | D:1      | Reached XP level 3. HP: 25/25 MP: 6/9
  1096 | D:1      | Reached skill level 5 in Spellcasting
  1513 | D:2      | Reached skill level 1 in Invocations
  1823 | D:2      | Reached skill level 1 in Fighting
  1823 | D:2      | Reached skill level 1 in Short Blades
  1823 | D:2      | Reached skill level 1 in Long Blades
  1823 | D:2      | Reached skill level 1 in Axes
  1823 | D:2      | Reached skill level 1 in Maces & Flails
  1823 | D:2      | Reached skill level 1 in Polearms
  1823 | D:2      | Reached skill level 1 in Staves
  1823 | D:2      | Reached skill level 1 in Slings
  1823 | D:2      | Reached skill level 1 in Bows
  1823 | D:2      | Reached skill level 1 in Crossbows
  1823 | D:2      | Reached skill level 1 in Throwing
  1823 | D:2      | Reached skill level 1 in Armour
  1823 | D:2      | Reached skill level 1 in Shields
  1823 | D:2      | Reached skill level 1 in Unarmed Combat
  1823 | D:2      | Reached skill level 1 in Evocations
  2326 | D:3      | Noticed Ijyb
  2337 | D:3      | Killed Ijyb
  2338 | D:3      | Reached XP level 4. HP: 26/32 MP: 3/11
  2341 | D:3      | Reached skill level 1 in Hexes
  2341 | D:3      | Reached skill level 1 in Summonings
  2341 | D:3      | Reached skill level 1 in Necromancy
  2341 | D:3      | Reached skill level 1 in Translocations
  2341 | D:3      | Reached skill level 1 in Transmutations
  2341 | D:3      | Reached skill level 1 in Ice Magic
  2341 | D:3      | Reached skill level 1 in Air Magic
  2341 | D:3      | Reached skill level 1 in Earth Magic
  2341 | D:3      | Reached skill level 1 in Poison Magic
  2486 | D:3      | Identified the +2 ring mail of the Frog {Will++}
  2667 | D:3      | Reached XP level 5. HP: 34/37 MP: 6/12
  3128 | D:3      | Noticed an ogre
  3142 | D:3      | Killed an ogre
  3279 | D:4      | Reached XP level 6. HP: 42/44 MP: 8/13
  3618 | D:4      | Reached skill level 5 in Dodging
  3904 | D:4      | Noticed a black bear
  3930 | D:4      | Killed a black bear
  3931 | D:4      | Reached XP level 7. HP: 26/51 MP: 5/15
  4221 | D:4      | HP: 2/51 [poisoned by a scorpion]
  4222 | D:4      | Succumbed to a scorpion's poison

Illustrated notes

Levels and vault maps discovered:
D:1:      ebering_hopf_link, layout_loops_ring,
          shapermc_ecumenical_altar_pompeii
D:2:      layout_loops_ring
D:3:      layout_loops_ring, uniq_ijyb
D:4:      layout_basic, minmay_between

Skill      XL: |  1  2  3  4  5  6  7 |
---------------+----------------------+-----
Conjurations   | 2 3 |  3.0
Spellcasting   | 5 |  5.6
Invocations    | 1 2 |  2.8
Fighting       | 1 2 |  2.5
Short Blades   | 1 2 |  2.5
Long Blades    | 1 2 |  2.5
Axes           | 1 2 |  2.5
Maces & Flails | 1 2 |  2.5
Polearms       | 1 2 |  2.5
Staves         | 1 2 |  2.5
Slings         | 1 2 |  2.5
Bows           | 1 2 |  2.5
Crossbows      | 1 2 |  2.5
Throwing       | 1 2 |  2.5
Armour         | 1 2 |  2.5
Shields        | 1 2 |  2.5
Unarmed Combat | 1 2 |  2.5
Evocations     | 1 2 |  2.5
Hexes          | 1 2 |  2.1
Summonings     | 1 2 |  2.1
Necromancy     | 1 2 |  2.1
Translocations | 1 2 |  2.1
Transmutations | 1 2 |  2.1
Ice Magic      | 1 2 |  2.1
Air Magic      | 1 2 |  2.1
Earth Magic    | 1 2 |  2.1
Poison Magic   | 1 2 |  2.1
Dodging        | 5 |  5.3
Stealth        | |  4.9
Fire Magic     | |  5.8

Action                   |  1- 3 |  4- 6 |  7- 9 || total
-------------------------+-------+-------+-------++-------
Melee: Dagger            |    25 |     1 |       ||    26
       Bite              |     5 |     2 |     1 ||     8
       Punch             |     1 |       |     1 ||     2
       Trident           |       |    12 |    13 ||    25
 Cast: Foxfire           |   100 |   113 |    13 ||   226
  Use: Potion            |       |       |     1 ||     1
 Stab: Sleeping          |       |     1 |       ||     1
Armor: Robe              |     7 |     4 |     3 ||    14
Dodge: Dodged            |    14 |    24 |    16 ||    54
